 Dungeon Crawl Stone Soup version 0.22.0-60-ga52c2fc (webtiles) character file.

10 Merlin the Magician (level 2, -1/20 HPs)
             Began as a Gnoll Wanderer on Sept 10, 2018.
             Killed from afar by a dart slug (6 damage)
             ... with a slug dart
             ... on level 1 of the Dungeon.
             The game lasted 00:02:45 (460 turns).

Merlin the Magician (Gnoll Wanderer)                 Turns: 460, Time: 00:02:46

Health: -1/20      AC:  2    Str: 13    XL:     2   Next: 20%
Magic:  0/7        EV: 11    Int: 15    God:
Gold:   12         SH:  0    Dex: 14    Spells: 8/10 levels left

rFire    . . .     SeeInvis .   e - +1 dagger
rCold    . . .     Gourm    .   (no shield)
rNeg     . . .     Faith    .   d - +0 robe
rPois    .         Spirit   .   (no helmet)
rElec    .         Reflect  .   (no cloak)
rCorr    .         Harm     .   (no gloves)
MR       .....                  (no boots)
Stlth    +.........             (no amulet)
HPRegen  0.06/turn              (no ring)
MPRegen  0.10/turn              (no ring)

@: very slightly contaminated
A: distributed training, fangs 1, strong nose
a: no special abilities


You were on level 1 of the Dungeon.
You were not hungry.

You visited 1 branch of the dungeon, and saw 1 of its levels.

You collected 12 gold pieces.

Inventory:

Hand Weapons
 e - a +1 dagger (weapon)
Armour
 d - a +0 robe (worn)
 h - a +0 buckler
Scrolls
 a - 3 scrolls of identify
 g - 2 scrolls of fog
Comestibles
 f - 2 rations
 j - 2 chunks of flesh


   Skills:
 + Level 0.3 Fighting
 + Level 0.3 Short Blades
 + Level 0.3 Long Blades
 + Level 0.3 Axes
 + Level 0.3 Maces & Flails
 + Level 0.3 Polearms
 + Level 0.3 Staves
 + Level 0.3 Slings
 + Level 0.3 Bows
 + Level 0.3 Crossbows
 + Level 2.4 Throwing
 + Level 0.3 Armour
 + Level 0.3 Dodging
 + Level 0.3 Stealth
 + Level 2.4 Shields
 + Level 0.3 Unarmed Combat
 + Level 4.9 Spellcasting
 + Level 0.2 Conjurations
 + Level 0.2 Hexes
 + Level 3.7 Charms
 + Level 0.2 Summonings
 + Level 0.2 Necromancy
 + Level 0.2 Translocations
 + Level 0.2 Transmutations
 + Level 3.7 Fire Magic
 + Level 0.2 Ice Magic
 + Level 0.2 Air Magic
 + Level 0.2 Earth Magic
 + Level 3.7 Poison Magic
 + Level 0.4 Invocations
 + Level 0.3 Evocations


You had 8 spell levels left.
You knew the following spells:

 Your Spells              Type           Power        Failure   Level  Hunger
a - Sting                 Conj/Pois      #...         8%          1    None
b - Flame Tongue          Conj/Fire      #....        8%          1    None

Your spell library contained the following spells:

 Spells                   Type           Power        Failure   Level  Hunger
 Throw Flame              Conj/Fire      #.....       11%         2    ##.....
 Conjure Flame            Conj/Fire      #.......     22%         3    ###....
 Inner Flame              Hex/Fire       #.......     22%         3    ###....
 Spider Form              Tmut/Pois      #.........   22%         3    ###....
 Sticky Flame             Conj/Fire      #.......     58%         4    ####...
 Fireball                 Conj/Fire      #.........   90%         5    ######.


Dungeon Overview and Level Annotations

Branches:
Dungeon (1/15)

Altars:


Innate Abilities, Weirdness & Mutations

Your experience applies equally to all skills.
You have very sharp teeth.
Your uncanny sense of smell can sniff out nearby items.


Message History

Aiming: Sting (safe; 8% risk of failure)
Press: ? - help, Shift-Dir - straight line, f - dart slug
Aim: a dart slug (clinging)
The sting hits the dart slug.
The dart slug is moderately wounded.
Casting: Sting (safe; 8% risk of failure)
Confirm with . or Enter, or press ? or * to list all spells.
You don't have enough magic to cast that spell.
Unknown command.
As you read the scroll labeled PURYDY PECOMA, it crumbles to dust.
You feel blessed for a moment.
It was a scroll of remove curse.
As you read the scroll labeled DAFEMAREUNT, it crumbles to dust.
It is a scroll of enchant weapon.
Your +0 dagger glows red for a moment.
The dart slug bites you but does no damage.
You hit the dart slug.
The dart slug is almost dead.
The dart slug launches a dart at you. The slug dart hits you!
You die...

..##w ..>. ...# ∆∆
g..#### #..# ... .
#..#.#.. ....#
#..#.#.#..###.#.#.#
#..#.#............# #
#((#(########.#####..#
#..............w@....#
...............###...#
#.##.............# .##
......#######....# ..
#####.##.........#.#
## #.#..........#.#
#.#..######..#.#
#.#..........#.#####
#.#.########.......#


You could see a dart slug.

Vanquished Creatures
  4 goblins (D:1)
  2 hobgoblins (D:1)
  2 kobolds (D:1)
  A bat (D:1)
9 creatures vanquished.

Notes
Turn   | Place    | Note
-------+----------+-------------------------------------------
     0 | D:1      | Merlin the Gnoll Wanderer began the quest for the Orb.
     0 | D:1      | Merlin set off with: a potion of curing, a +0 robe, a +0
                  | dagger, a ration
     0 | D:1      | Reached XP level 1. HP: 13/13 MP: 6/6
     8 | D:1      | Learned a level 1 spell: Sting
    20 | D:1      | Learned a level 1 spell: Flame Tongue
   439 | D:1      | Reached XP level 2. HP: 19/19 MP: 7/7
   460 | D:1      | Killed from afar by a dart slug

Action                   || total
-------------------------++-------
Melee: Dagger            ||     9
 Cast: Sting             ||    15
       Flame Tongue      ||     5
  Use: Scroll            ||     3
       Potion            ||     1
Armor: Robe              ||     2
Dodge: Dodged            ||     3
